 Dungeon Crawl Stone Soup version 0.29.1-13-g9f3cf754e1 (webtiles) character file.

Game seed: 6573769294337955776

210 DemonSlayer the Magician (level 5, -3/36 HPs)
             Began as a Demonspawn Earth Elementalist on Jan 24, 2023.
             Slain by a goblin
             ... wielding a +0 club
             ... led by Robin
              (5 damage)
             ... on level 3 of the Dungeon.
             The game lasted 00:04:21 (2885 turns).

DemonSlayer the Magician (DsEE)                     Turns: 2885, Time: 00:04:21

Health: -3/36      AC:  5    Str: 11    XL:     5   Next: 57%
Magic:  6/11       EV: 12    Int: 16    God:
Gold:   140        SH:  0    Dex: 13    Spells: 4/12 levels left

rFire   . . .      SeeInvis .   p - +2 long sword (elec)
rCold   . . .      Faith    .   (no shield)
rNeg    . . .      Spirit   .   a - +0 robe
rPois   +          Reflect  .   (no helmet)
rElec   .          Harm     .   m - +2 cloak {rPois}
rCorr   .          Rampage  .   (no gloves)
Will    .....                   (no boots)
Stlth   ++........              (no amulet)
HPRegen 0.12/turn               (no ring)
MPRegen 0.12/turn               (no ring)

@: no status effects
A: claws 1, demonic guardian 2
a: no special abilities


You were on level 3 of the Dungeon.
You visited 1 branch of the dungeon, and saw 3 of its levels.

You collected 140 gold pieces.

Inventory:

Hand Weapons
 p - a +2 long sword of electrocution (weapon)
Armour
 a - a +0 robe (worn)
 m - a +2 cloak of poison resistance (worn)
Scrolls
 d - 2 scrolls of identify {unknown}
 e - a scroll of fog {unknown}
 f - a scroll of vulnerability {unknown}
 g - 2 scrolls of poison {unknown}
 i - a scroll of blinking {unknown}
 k - a scroll of teleportation {unknown}
Potions
 b - a potion of degeneration {unknown}
 c - 4 potions of brilliance {unknown}
 h - a potion of lignification {unknown}
 j - a potion of haste {unknown}
 l - a potion of heal wounds {unknown}
 n - a potion of attraction {unknown}
 o - 2 potions of flight {unknown}


   Skills:
 + Level 0.5 Fighting
 + Level 0.8 Long Blades
 + Level 1.0 Maces & Flails
 + Level 2.0 Dodging
 + Level 2.3 Stealth
 + Level 0.6 Unarmed Combat
 + Level 4.0 Spellcasting
 + Level 0.8 Transmutations
 + Level 3.5 Earth Magic


You had 4 spell levels left.
You knew the following spells:

 Your Spells              Type           Power      Damage    Failure   Level
a - Sandblast             Erth           28%        2d8       4%          1
b - Stone Arrow           Conj/Erth      16%        3d8       24%         3
c - Fulminant Prism       Conj/Hex       1%         3d6       86%         4

Your spell library contained the following spells:

 Spells                   Type           Power      Damage    Failure   Level
 Passwall                 Tmut/Erth      8%         N/A       11%         2
 Magic Dart               Conj           12%        1d3       17%         1
 Summon Small Mammal      Summ           12%        N/A       17%         1
 Searing Ray              Conj           6%         2d4       26%         2
 Static Discharge         Conj/Air       3%         3-4/arc   26%         2
 Call Canine Familiar     Summ           3%         N/A       45%         3
 Summon Guardian Golem    Hex/Summ       3%         N/A       45%         3
 Petrify                  Tmut/Erth      10%        N/A       56%         4
 Lightning Bolt           Conj/Air       1%         1d12      99%         5
 Maxwell's Capacitive Co  Air            1%         ∞         100%        8


Dungeon Overview and Level Annotations

Branches:
Dungeon (3/15)

Altars:
Sif Muna


Innate Abilities, Weirdness & Mutations

You have sharp fingernails.
A demonic guardian rushes to your aid.


Message History

The hobgoblin is severely wounded.
You feel sick. The goblin barely misses you. The hobgoblin closely misses you.
Robin roars a battlecry!
The goblins go into a battle-frenzy!
The goblin barely misses you. The hobgoblin barely misses you.
The blast of sand hits the hobgoblin!
You kill the hobgoblin!
You feel sick. The goblin hits you with a +0 club.
The goblin barely misses you. x2; Robin throws the goblin at you!
The goblin hits you but does no damage.
Your Spellcasting skill increases to level 4!
The blast of sand hits the goblin!
You kill the goblin!
You feel sick.
You are no longer poisoned.
The goblin hits you but does no damage. The goblin barely misses you.
The goblin hits you but does no damage. The goblin hits you with a +0 club.
The goblin closely misses you. The goblin hits you but does no damage.
The goblin barely misses you. Robin throws the goblin at you!
You hit Robin.
Robin is moderately wounded.
The goblin hits you with a +0 club.
* * * LOW HITPOINT WARNING * * *
A demonic guardian appears!
The goblin closely misses you. x2
The goblin misses you. Robin throws the goblin at you!
* * * LOW HITPOINT WARNING * * *
The goblin hits you with a +0 club.
* * * LOW HITPOINT WARNING * * *
Unknown command.
Unknown command.
Unknown command.
You barely miss Robin.
Robin is lightly wounded.
The goblin hits you but does no damage. The goblin hits you with a +0 club.
* * * LOW HITPOINT WARNING * * *
The goblin barely misses you. Robin closely misses you.
Your ice devil hits Robin.
Your ice devil freezes Robin!
Robin dies!
The goblin hits you with a +0 club.
You die...

P†♣...#..._...#..P♣.P.♣♣.♣
.♣..P†........(.†♣..♣♣♣
.....†..#...#...P.P..♣
..♣P^...P......♣♣...♣....
..♣♣♣P.♣♣P.♣♣.♣§♣§.♣♣...#
♣♣.PP♣P.P.###.♣♣§P♣♣ ##..
# ♣..♣###.. ##.♣§§♣ # #
### #.##...gg# .
......g@.# .. ......g$)..#
.<. ........4....>. ...#
............... ....
...............
...............
...............
.........#.....


You could see 4 goblins and a friendly ice devil (summoned).

Vanquished Creatures
  Natasha (thrice) (D:2)
  4 gnolls (D:2)
  3 adders
  2 worms (D:2)
  2 dart slugs (D:1)
  7 endoplasms
  3 giant cockroaches
  8 goblins
  6 hobgoblins
  4 jackals (D:3)
  5 quokkas (D:3)
  5 ball pythons
  2 bats
  2 frilled lizards
  5 kobolds
  3 rats
64 creatures vanquished.

Vanquished Creatures (collateral kills)
  Robin (D:3)
1 creature vanquished.

Vanquished Creatures (others)
  69 plants
69 creatures vanquished.

Grand Total: 134 creatures vanquished

Notes
Turn   | Place    | Note
-------+----------+-------------------------------------------
     0 | D:1      | DemonSlayer the Demonspawn Earth Elementalist began the
                  | quest for the Orb.
     0 | D:1      | Reached XP level 1. HP: 13/13 MP: 3/3
   361 | D:1      | Gained mutation: A weak demonic guardian rushes to your
                  | aid. [demonic ancestry]
   361 | D:1      | Reached XP level 2. HP: 19/19 MP: 3/5
  1094 | D:2      | Gained mutation: You have sharp fingernails. [demonic
                  | ancestry]
  1094 | D:2      | Reached XP level 3. HP: 15/24 MP: 2/6
  1547 | D:2      | Reached skill level 3 in Spellcasting
  1707 | D:2      | Noticed Natasha
  1709 | D:2      | Found a faded altar of an unknown god.
  1713 | D:2      | Killed Natasha
  1714 | D:2      | Reached skill level 1 in Maces & Flails
  1714 | D:2      | Reached XP level 4. HP: 30/30 MP: 3/8
  2010 | D:2      | Noticed Natasha
  2020 | D:2      | Killed Natasha
  2021 | D:2      | Gained mutation: A demonic guardian rushes to your aid.
                  | [demonic ancestry]
  2021 | D:2      | Reached XP level 5. HP: 33/35 MP: 8/10
  2077 | D:2      | Noticed Natasha
  2080 | D:2      | Killed Natasha
  2489 | D:2      | Learned a level 3 spell: Stone Arrow
  2494 | D:2      | Learned a level 4 spell: Fulminant Prism
  2676 | D:3      | Found a shimmering blue altar of Sif Muna.
  2877 | D:3      | Noticed Robin
  2883 | D:3      | Reached skill level 4 in Spellcasting
  2885 | D:3      | Killed Robin
  2885 | D:3      | Slain by a goblin

Illustrated notes

Levels and vault maps discovered:
D:1:      minmay_arrival_stone_box, layout_basic, kennysheep_another_room
D:2:      layout_loops_ring, serial_bayou, serial_bayou_lagoon_b,
          serial_bayou_pond_c, serial_bayou_pond_d, serial_bayou_shore_b,
          hellmonk_ecumenical_altar_prayer_group, uniq_natasha
D:3:      wad_woods_stonehenge, layout_basic, mainiacjoe_overflow_two_lobes,
          nicolae_overflow_ecumenical_swirl, serial_shops, nicolae_diamond_shop,
          nicolae_shop_waterfront, uniq_sigmund, uniq_robin

Skill      XL: |  1  2  3  4  5 |
---------------+----------------+-----
Stealth        | 2 |  2.3
Spellcasting   | 3 4 |  4.0
Maces & Flails | 1 |  1.0
Earth Magic    | 3 |  3.5
Dodging        | 2 |  2.0
Fighting       | |  0.5
Long Blades    | |  0.8
Unarmed Combat | |  0.6
Transmutations | |  0.8

Action                   |  1- 3 |  4- 6 || total
-------------------------+-------+-------++-------
Melee: Unarmed           |    19 |       ||    19
       Mace              |     8 |       ||     8
       Punch             |     1 |       ||     1
       Long sword        |       |    25 ||    25
 Cast: Sandblast         |    41 |    50 ||    91
  Use: Potion            |       |     1 ||     1
Armor: Robe              |     6 |    33 ||    39
Dodge: Dodged            |    28 |    68 ||    96
